AoeStats
← Lord RDB

Arabia

510327823Analyzed
1v1 RM · 18h ago on Sep 30, 2026· 35m 38s· 2 players
Game mode
Random Map
Map size
Tiny (2 player)
Population
200
Speed
Normal
Resources
Standard
Victory
Conquest
Starting age
Dark Age
Ending age
Imperial Age
RankedLock teamsTeams togetherTeam positionsShared explorationLock speedFull tech treeHidden civsTurbo modeCheats
Victory
Defeat
🇪🇸 Vikings · Spain
1385
+17
🇦🇪 Persians · United Arab Emirates
1398
-17
DANI-PIRAGUISTA
8:14 Loom
10:37 Feudal Age
11:07 Double-Bit Axe
11:06 Horse Collar
13:05 Fletching
21:59 Castle Age
19:58 Stone Mining
21:43 Scale Mail Armor
21:54 Forging
22:48 Squires
23:11 Pikeman
28:24 Arson
31:59 Town Watch
34:21 Bodkin Arrow
Lord RDB
6:17 Loom
8:34 Feudal Age
10:10 Double-Bit Axe
20:01 Castle Age
18:48 Scale Barding Armor
18:55 Horse Collar
19:32 Bloodlines
21:02 Chain Barding Armor
22:00 Husbandry
23:25 Bow Saw
25:43 Forging
25:41 Fletching
26:11 Gold Mining
34:03 Iron Casting
Connection lost

Rejoining the realm…

Still unreachable

The connection could not be restored.

Session expired

The server has moved on; the page needs a fresh start.